 Dungeon Crawl Stone Soup version 0.31-a0-702-gf82c85558f (webtiles) character file.

Game seed: 17373644577794673349

42 subawu the Trooper (level 3, -1/33 HPs)
             Began as a Draconian Chaos Knight on Sept 8, 2023.
             Was a Plaything of Xom.
             Slain by a gnoll
             ... wielding a +0 spear
              (9 damage)
             ... on level 2 of the Dungeon.
             The game lasted 00:03:43 (1155 turns).

subawu the Trooper (Draconian Chaos Knight)         Turns: 1155, Time: 00:03:43

Health: -1/33      AC:  5    Str: 16    XL:     3   Next: 33%
Magic:  3/3        EV: 12    Int: 12    God:    Xom [..*...]
Gold:   96         SH:  0    Dex: 10    Spells: 2/2 levels left

rFire   . . .        a - +0 falchion (chaos)
rCold   . . .        (no shield)
rNeg    . . .        (body armour unavailable)
rPois   .            (helmet restricted)
rElec   .            (no cloak)
rCorr   .            (no gloves)
SInv    .            (no boots)
Will    .....        (no amulet)
Stlth   +            (no ring)
HPRegen 0.25/turn    (no ring)
MPRegen 0.08/turn

%: no passive effects
@: no status effects
A: AC +5, unfitting armour, cold-blooded
a: Renounce Religion


You were on level 2 of the Dungeon.
You worshipped Xom.
You were a toy of Xom.
You visited 1 branch of the dungeon, and saw 2 of its levels.

You collected 96 gold pieces.

Inventory:

Hand Weapons
 a - a +0 falchion of chaos (weapon)
Armour
 k - a scarf of resistance
Jewellery
 e - an amulet of magic regeneration
 g - a ring of resist corrosion
Scrolls
 b - a scroll of butterflies
 c - a scroll of enchant weapon {unknown}
 f - a scroll of fear {unknown}
 h - a scroll of fog {unknown}
 i - 4 scrolls of noise {unknown}
 j - a scroll of vulnerability {unknown}
Potions
 d - 2 potions of resistance {unknown}
 l - a potion of enlightenment {unknown}


   Skills:
 + Level 4.0 Fighting
 + Level 3.6 Long Blades
 + Level 2.5 Dodging


You had 2 spell levels left.
You didn't know any spells.
Your spell library was empty.

Dungeon Overview and Level Annotations

Branches:
Dungeon (2/15)

Altars:


Innate Abilities, Weirdness & Mutations

Your plain brown scales are hard. (AC +5)
You cannot fit into any form of body armour.
You are cold-blooded and may be slowed by cold attacks.


Message History

You see here a scarf of resistance.
You closely miss the frilled lizard. You tail-slap the frilled lizard.
You kill the frilled lizard!
There is a stone staircase leading up here.
You see here a scarf of resistance.
k - a scarf of resistance
l - a bubbling golden potion
d - 2 purple potions (gained 1)
You now have 96 gold pieces (gained 7).
You see here a frilled lizard corpse.
You see here a hobgoblin corpse.
A hobgoblin comes into view.
A hobgoblin is nearby!
A hobgoblin is nearby!
A hobgoblin is nearby!
The hobgoblin shouts!
A gnoll comes into view.
It is wielding a +0 whip. 2 gnolls come into view.
The gnoll shouts! x3; You hear a shout!
A kobold comes into view. It is wielding a +0 short sword.
You completely miss the hobgoblin. The hobgoblin hits you.
You hit the hobgoblin.
You kill the hobgoblin!
The gnoll barely misses you. The gnoll hits you with a +0 whip!
The gnoll completely misses you.
The gnoll hits you from afar with a +0 spear.
Your Fighting skill increases to level 4!
You hit the gnoll but do no damage.
The gnoll hits you from afar with a +0 spear. x2
A worm comes into view.
The gnoll hits you with a +0 whip!
* * * LOW HITPOINT WARNING * * *
The gnoll barely misses you. The gnoll misses you.
You see here a hobgoblin corpse.
You hit the gnoll.
The gnoll is lightly wounded.
The gnoll misses you. The kobold closely misses you.
The gnoll hits you with a +0 spear!
You die...
Xom bursts into laughter!

..............##########
..............#.........
..............#.........
...........w..#.........
..............#.........
..............#.........
#.....Kgg.....#.........
#.@## #......... ##.g##
#.......<. ...#####...###
#......... ........#....#
##########
#..####......###########
#..# ##.....†...†.....##
#..# #...PP.....#####...
#..# #....P.............
#.<####....♣P.P.##.......


You could see a worm, 3 gnolls and a kobold.

Vanquished Creatures
  A dart slug (D:1)
  4 bats
  2 endoplasms (D:1)
  2 giant cockroaches (D:1)
  3 goblins (D:1)
  8 hobgoblins
  4 jackals (D:2)
  4 kobolds (D:1)
  2 frilled lizards (D:2)
  2 rats
32 creatures vanquished.

Notes
Turn   | Place    | Note
-------+----------+-------------------------------------------
     0 | D:1      | subawu the Draconian Chaos Knight began the quest for the
                  | Orb.
     0 | D:1      | Reached XP level 1. HP: 19/19 MP: 1/1
   110 | D:1      | XOM: potion effect (attraction)
   117 | D:1      | XOM: butterfly on damage
   157 | D:1      | Reached XP level 2. HP: 24/26 MP: 2/2
   258 | D:1      | XOM: silly message
   523 | D:1      | XOM: cloud trail
   657 | D:1      | Reached XP level 3. HP: 30/33 MP: 3/3
   985 | D:2      | Found a faded altar of an unknown god.
  1055 | D:2      | XOM: confuse monster(s)
  1073 | D:2      | XOM: god gift: 34 gold pieces
  1153 | D:2      | Reached skill level 4 in Fighting
  1155 | D:2      | Slain by a gnoll

Illustrated notes

Levels and vault maps discovered:
D:1:      matt_arrival_los_fun, layout_loops_cross, solitary_fountain
D:2:      layout_rooms, serial_glass, glass_columns_b, glass_columns_a,
          dreamdust_ecumenical_altar_grove

Skill      XL: |  1  2  3 |
---------------+----------+-----
Fighting       | 4 |  4.0
Long Blades    | |  3.6
Dodging        | |  2.5

Action                     || total
---------------------------++-------
  Melee: Falchion          ||    71
         Tailslap          ||     7
 Armour: Skin              ||    40
  Dodge: Dodged            ||    54

Table legend: (Time is in decaauts)
 A = Elapsed time spent in this place.
 B = Non-inter-level travel time spent in this place.
 C = Inter-level travel time spent in this place.
 D = Time resting spent in this place.
 E = Time spent auto-exploring this place.
 F = Levels seen in this place.
 G = Mean time per level.
                   A        B        C        D        E       F      G
               +--------+--------+--------+--------+--------+-----+--------+
         Total |   1166 |   1119 |     47 |     57 |    560 |   2 |  583.0 |
       Dungeon |   1166 |   1119 |     47 |     57 |    560 |   2 |  583.0 |
               +--------+--------+--------+--------+--------+-----+--------+

Top non-repeatable levels by time:
     D:1: 914 daAuts
     D:2: 251 daAuts
